 Dungeon Crawl Stone Soup version 0.26-a0-613-g4f23886233 (webtiles) character file.

Game seed: 2936489452741475489

4 KikubaaqudghaCute the Sneak (level 1, 0/9 HPs)
             Began as a Spriggan Enchanter on Sept 11, 2020.
             Slain by a goblin (4 damage)
             ... on level 1 of the Dungeon.
             The game lasted 00:00:30 (208 turns).

KikubaaqudghaCute the Sneak (Spriggan Enchanter)     Turns: 208, Time: 00:00:30

Health: 0/9        AC:  2    Str:  6    XL:     1   Next: 58%
Magic:  5/5        EV: 20    Int: 16    God:
Gold:   11         SH:  0    Dex: 16    Spells: 4/5 levels left

rFire    . . .     SeeInvis +   a - +1 dagger
rCold    . . .     Faith    .   (shield restricted)
rNeg     . . .     Spirit   .   b - +0 robe
rPois    .         Reflect  .   (helmet restricted)
rElec    .         Harm     .   (no cloak)
rCorr    .                      (gloves unavailable)
MR       .....                  (boots unavailable)
Stlth    +++.......             (no amulet)
HPRegen  0.03/turn              (no ring)
MPRegen  0.09/turn              (no ring)

@: very quick
A: very small, unfitting armour, repulsion field 1, see invisible, speed 3,
sense surroundings 1, screaming 1, strong 1
a: no special abilities


You were on level 1 of the Dungeon.
You visited 1 branch of the dungeon, and saw 1 of its levels.

You collected 11 gold pieces.

Inventory:

Hand Weapons
 a - a +1 dagger (weapon)
Armour
 b - a +0 robe (worn)


   Skills:
 + Level 1.2 Short Blades
 - Level 3.0 Dodging
 * Level 4.7 Stealth
 - Level 2.6 Spellcasting
 + Level 3.7 Hexes


You had 4 spell levels left.
You knew the following spells:

 Your Spells              Type           Power        Failure   Level
a - Corona                Hex            ##.....      4%          1

Your spell library contained the following spells:

 Spells                   Type           Power        Failure   Level
 Confusing Touch          Hex            ##......     12%         3
 Tukima's Dance           Hex            ##......     12%         3
 Ensorcelled Hibernation  Hex/Ice        #.....       14%         2
 Dazzling Flash           Conj/Hex       #.....       26%         3


Dungeon Overview and Level Annotations

Branches:
Dungeon (1/15)

Altars:


Innate Abilities, Weirdness & Mutations

You are very small and have problems with some larger weapons.
You are too small for most types of armour.
You have supernaturally acute eyesight. (SInv)
You cover ground extremely quickly.
You are surrounded by a mild repulsion field. (EV +2)
You passively map a small area around you.
You occasionally shout uncontrollably at your foes.
Your muscles are strong. (Str +2)


Message History

The kobold is moderately wounded.
The goblin misses you. The kobold closely misses you.
You barely miss the kobold.
The kobold is moderately wounded.
The goblin completely misses you. The kobold barely misses you.
You closely miss the kobold.
The kobold is moderately wounded.
The goblin hits you. The kobold misses you.
You barely miss the kobold.
The kobold is moderately wounded.
The goblin closely misses you. The kobold closely misses you.
It was a potion of mutation.
You feel extremely strange.
You feel the urge to shout.
You begin to radiate repulsive energy.
You feel a strange attunement to the structure of the dungeons.
You feel stronger. The goblin hits you. The kobold completely misses you.
You hit the kobold.
The kobold is heavily wounded.
The goblin hits you.
You die...

> , ** #+ #.# #.# *
##.## ##$..## * *#
#.....#########
#.####(...g@K......
..........#########
........#.#
#.#..##.#.#
..........#
..#####.### #.#
####.## #.....#


You could see a goblin and a kobold.

Vanquished Creatures
  A bat (D:1)
  A hobgoblin (D:1)
  A kobold (D:1)
  2 rats (D:1)
5 creatures vanquished.

Notes
Turn   | Place    | Note
-------+----------+-------------------------------------------
     0 | D:1      | KikubaaqudghaCute the Spriggan Enchanter began the quest
                  | for the Orb.
     0 | D:1      | Reached XP level 1. HP: 9/9 MP: 5/5
   207 | D:1      | Gained mutation: You occasionally shout uncontrollably at
                  | your foes. [potion of mutation]
   207 | D:1      | Gained mutation: You are surrounded by a mild repulsion
                  | field. (EV +2) [potion of mutation]
   207 | D:1      | Gained mutation: You passively map a small area around you.
                  | [potion of mutation]
   207 | D:1      | Gained mutation: Your muscles are strong. (Str +2) [potion
                  | of mutation]
   208 | D:1      | Slain by a goblin

Illustrated notes

Levels and vault maps discovered:
D:1:      psy_arrival_heroes, layout_loops_corners,
          wander_ebering_terrifying_dragon_lair

Action                   || total
-------------------------++-------
Melee: Dagger            ||    17
  Use: Potion            ||     1
 Stab: Sleeping          ||     3
Armor: Robe              ||     1
Dodge: Dodged            ||    16

Table legend: (Time is in decaauts)
 A = Elapsed time spent in this place.
 B = Non-inter-level travel time spent in this place.
 C = Inter-level travel time spent in this place.
 D = Time resting spent in this place.
 E = Time spent auto-exploring this place.
 F = Levels seen in this place.
 G = Mean time per level.
                   A        B        C        D        E       F      G
               +--------+--------+--------+--------+--------+-----+--------+
         Total |    132 |    132 |      0 |      0 |    103 |   1 |  132.0 |
       Dungeon |    132 |    132 |      0 |      0 |    103 |   1 |  132.0 |
               +--------+--------+--------+--------+--------+-----+--------+

Top non-repeatable levels by time:
     D:1: 132 daAuts
